 Dungeon Crawl Stone Soup version 0.31.0-11-ge490571c62 (webtiles) character file.

Game seed: 2841650520516241777

485 DoomGuy the Chopper (level 6, -7/51 HPs)
             Began as a Demigod Fighter on Feb 10, 2024.
             Mangled by a gnoll
             ... wielding a +0 halberd
              (10 damage)
             ... on level 4 of the Dungeon.
             The game lasted 00:11:57 (3480 turns).

DoomGuy the Chopper (Demigod Fighter)               Turns: 3480, Time: 00:11:58

Health: -7/51      AC:  2    Str: 21    XL:     6   Next: 57%
Magic:  8/8        EV: 11    Int: 14    God:
Gold:   226        SH:  5    Dex: 13    Spells: 5/5 levels left

rFire   + . .        e - +2 broad axe (freeze)
rCold   . . .        c - +0 buckler
rNeg    . . .        q - +0 robe {rF+}
rPois   .            (no helmet)
rElec   .            (no cloak)
rCorr   .            (no gloves)
SInv    .            (no boots)
Will    .....        (no amulet)
Stlth   ++           (no ring)
HPRegen 0.28/turn    (no ring)
MPRegen 0.11/turn

%: no passive effects
@: no status effects
A: high MP 1, forlorn, divine attributes, inability to read after injury 1
a: no special abilities


You were on level 4 of the Dungeon.
You visited 1 branch of the dungeon, and saw 4 of its levels.
You also visited: Sewer.

You collected 226 gold pieces.

Inventory:

Hand Weapons
 e - a +2 broad axe of freezing (weapon)
Missiles
 p - 6 boomerangs (quivered)
Armour
 b - a +0 scale mail
 c - a +0 buckler (worn)
 q - a +0 robe of fire resistance (worn)
Jewellery
 a - a +5 ring of evasion
 n - a ring of resist corrosion
Talismans
 s - a maw talisman
Wands
 r - a wand of mindburst (10)
Scrolls
 i - a scroll of amnesia
 l - a scroll of vulnerability
 o - 2 scrolls of teleportation
 t - a scroll of immolation {unknown}
 u - a scroll of torment {unknown}
 v - a scroll of poison
Potions
 d - a potion of might
 f - 2 potions of enlightenment
 h - 2 potions of magic
 j - a potion of attraction
 k - a potion of lignification
 m - 2 potions of brilliance
 w - 2 potions of haste {unknown}
 x - 2 potions of invisibility {unknown}


   Skills:
 * Level 3.4 Fighting
 * Level 4.0 Axes
 * Level 1.8 Throwing
 * Level 3.4 Armour
 * Level 1.5 Dodging
 * Level 2.0 Stealth
 * Level 3.4 Shields
 * Level 1.1 Evocations
 * Level 0.1 Shapeshifting


You had 5 spell levels left.
You didn't know any spells.
Your spell library was empty.

Dungeon Overview and Level Annotations

Branches:
Dungeon (4/15)              Sewer (visited)
 Temple: D:4-7

Shops:
D:1 =


Innate Abilities, Weirdness & Mutations

You have an increased reservoir of magic. (+10% MP)
You shall have no god before yourself.
Your divine heritage dramatically boosts your attributes as you level up.
You occasionally lose the ability to read scrolls when taking damage.


Message History

There is a huge open gate here.
A gnoll breaks down the door.
A gnoll opens the door.
You slash the orc! You freeze the orc.
You kill the orc!
You closely miss the gnoll. The gnoll closely misses you.
An orc comes into view. It is wielding a +0 hand axe.
The gnoll hits you with a +3 whip!
You hit the gnoll. You freeze the gnoll.
The gnoll is moderately wounded.
The gnoll barely misses you.
A gnoll comes into view. It is wielding a +0 halberd.
You closely miss the gnoll.
The gnoll is moderately wounded.
The gnoll shouts!
You slash the gnoll! You freeze the gnoll. The gnoll hits you with a +3 whip.
The gnoll barely misses you. The gnoll hits you with a +3 whip!
The gnoll hits you with a +0 whip.
You closely miss the gnoll.
The gnoll is moderately wounded.
You hit the gnoll. You freeze the gnoll.
You kill the gnoll!
You block the gnoll's attack.
You barely miss the gnoll.
The gnoll is lightly wounded.
The gnoll hits you with a +3 whip. The gnoll hits you with a +3 whip!
* * * LOW HITPOINT WARNING * * *
You barely miss the gnoll.
The gnoll is lightly wounded.
The gnoll hits you from afar with a +0 halberd!
* * * LOW HITPOINT WARNING * * *
The gnoll hits you with a +3 whip.
* * * LOW HITPOINT WARNING * * *
The gnoll shouts!
You hit the gnoll. You freeze the gnoll.
The gnoll is heavily wounded.
You block the gnoll's attack. x2
A gnoll comes into view. It is wielding a +0 club.
The gnoll closely misses you.
The gnoll hits you from afar with a +0 halberd!
You die...

##....##.###....##########
............)..†..).......
≈~~≈~~~~~~h≈~....~~~~~~~~~
≈ ≈≈ ≈≈≈≈≈≈≈≈....≈≈≈≈≈≈≈~≈
# ~~~~~~~~~....~≈≈≈~~~~~ #
....................... #
########''''#########
...#....#......
.gg'.g)@go.....
...#....#......
###############


You could see 4 gnolls, an orc and a jackal.

Vanquished Creatures
  A brain worm (Sewer)
  A scorpion (D:4)
  A bombardier beetle (D:3)
  2 jellies (D:4)
  A sleepcap (D:4)
  Crazy Yiuf (D:2)
  A gnoll (D:4)
  5 adders
  2 river rats
  3 dart slugs
  2 ribbon worms
  7 orcs
  14 ball pythons
  10 bats
  9 endoplasms
  8 giant cockroaches
  5 goblins
  8 hobgoblins
  12 jackals
  7 quokkas
  3 frilled lizards
  9 kobolds
  3 rats
115 creatures vanquished.

Notes
Turn   | Place    | Note
-------+----------+-------------------------------------------
     0 | D:1      | DoomGuy the Demigod Fighter began the quest for the Orb.
     0 | D:1      | Reached XP level 1. HP: 18/18 MP: 3/3
   120 | D:1      | Reached XP level 2. HP: 24/25 MP: 4/4
   143 | D:1      | Identified a scroll of acquirement
   144 | D:1      | Acquired a +1 broad axe of freezing
   209 | D:1      | Found Vaevvo's Jewellery Shoppe.
   220 | D:1      | Reached skill level 2 in Axes
   848 | D:2      | Found a runed translucent door.
   849 | D:2      | Noticed Crazy Yiuf
   853 | D:2      | Killed Crazy Yiuf
   854 | D:2      | Reached skill level 1 in Stealth
   854 | D:2      | Reached XP level 3. HP: 30/30 MP: 5/5
  1682 | D:3      | Reached XP level 4. HP: 38/38 MP: 6/6
  1693 | D:3      | Reached skill level 3 in Axes
  1693 | D:3      | Reached skill level 1 in Dodging
  2469 | D:4      | Reached skill level 1 in Throwing
  2469 | D:4      | Reached XP level 5. HP: 30/45 MP: 7/7
  2535 | D:4      | Found a glowing drain.
  2545 | D:4      | HP: 1/45 [acid (7)]
  2577 | D:4      | Reached XP level 6. HP: 16/51 MP: 8/8
  2589 | Sewer    | Entered a sewer
  2959 | Sewer    | Reached skill level 1 in Evocations
  3094 | Sewer    | Reached skill level 4 in Axes
  3232 | Sewer    | Gained mutation: You are vulnerable to cold. (rC-) [potion
                  | of mutation]
  3232 | Sewer    | Gained mutation: You are robust. (+10% HP) [potion of
                  | mutation]
  3233 | Sewer    | Lost mutation: You are robust. (+10% HP) [potion of
                  | mutation]
  3233 | Sewer    | Lost mutation: You are vulnerable to cold. (rC-) [potion of
                  | mutation]
  3233 | Sewer    | Gained mutation: Your mind is acute. (Int +4, Str/Dex -1)
                  | [potion of mutation]
  3233 | Sewer    | Gained mutation: You possess an exceptional clarity of
                  | mind. [potion of mutation]
  3234 | Sewer    | Lost mutation: Your mind is acute. (Int +4, Str/Dex -1)
                  | [potion of mutation]
  3234 | Sewer    | Lost mutation: You possess an exceptional clarity of mind.
                  | [potion of mutation]
  3234 | Sewer    | Gained mutation: You occasionally lose the ability to read
                  | scrolls when taking damage. [potion of mutation]
  3479 | D:4      | HP: 2/51 [gnoll/+3 whip (6)]
  3480 | D:4      | Mangled by a gnoll

Illustrated notes

Levels and vault maps discovered:
D:1:      lemuel_arrival_muddy, layout_rooms, serial_shops, shop,
          minmay_indecisive_spiral
D:2:      layout_loops_corners, shapermc_ecumenical_altar_petra,
          uniq_crazy_yiuf_cottage
D:3:      layout_loops_ring, mainiacjoe_overflow_big_doors,
          nicolae_overflow_macrodata_refinement
D:4:      lemuel_castle_with_subvaults [lemuel_castle_interior_carwin_1],
          layout_rooms, gammafunk_ghost_cemetery, portal_sewer_entry_a

Skill      XL: |  1  2  3  4  5  6 |
---------------+-------------------+-----
Axes           | 2 3 4 |  4.0
Armour         | 3 |  3.4
Stealth        | 1 2 |  2.0
Shields        | 3 |  3.4
Fighting       | 3 |  3.4
Dodging        | 1 |  1.5
Throwing       | 1 |  1.8
Evocations     | 1 |  1.1
Shapeshifting  | |  0.1

Action                     |  1- 3 |  4- 6 || total
---------------------------+-------+-------++-------
  Melee: War axe           |    14 |       ||    14
         Broad axe         |    71 |   147 ||   218
  Throw: Boomerang         |    14 |    73 ||    87
  Evoke: Wand              |       |     1 ||     1
    Use: Scroll            |     5 |     8 ||    13
         Potion            |     1 |     7 ||     8
   Stab: Sleeping          |       |     2 ||     2
 Armour: Scale mail        |    65 |    23 ||    88
         Robe              |       |    98 ||    98
  Dodge: Dodged            |    62 |   107 ||   169
  Block: Buckler           |    31 |    41 ||    72
